 Dungeon Crawl Stone Soup version 0.16.2-12-gd0ad4c3 (webtiles) character file.

42 Goblin1989 the Grasshopper (level 3, 0/18 HPs)
             Began as a Spriggan Warper on Jan 4, 2017.
             Succumbed to an adder's poison
             ... on level 2 of the Dungeon on Jan 6, 2017.
             The game lasted 00:05:32 (1456 turns).

Goblin1989 the Grasshopper (Spriggan Warper)        Turns: 1456, Time: 00:05:32

Health: 0/18       AC:  2    Str: 12    XL:     3   Next: 35%
Magic:  9/9        EV: 18    Int: 15    God:
Gold:   137        SH:  0    Dex: 15    Spells: 1 memorised, 6 levels left

rFire  . . .     SeeInvis +     a - +0 short sword
rCold  . . .     Clarity  .     b - +0 robe
rNeg   . . .     SustAb   .     (shield restricted)
rPois  .         Gourm    .     (helmet restricted)
rElec  .         Spirit   .     (no cloak)
rCorr  .         Warding  .     (gloves unavailable)
rMut   .         Stasis   .     (boots unavailable)
MR     .....                    (no amulet)
Stlth  +.........               (no ring)
                                (no ring)

@: mighty, lethally poisoned (0 -> -4), very quick, not resistant to hostile
enchantments, very unstealthy
A: unfitting armour, see invisible, herbivore 3, speed 3, slow metabolism 2
a: no special abilities


You were on level 2 of the Dungeon.
You were not hungry.

You visited 1 branch of the dungeon, and saw 2 of its levels.

You collected 137 gold pieces.

Inventory:

Hand weapons
 a - a +0 short sword (weapon)
Missiles
 e - 5 tomahawks of dispersal (quivered)
Armour
 b - a +0 robe (worn)
Magical devices
 k - a wand of flame (15)
Scrolls
 g - 4 scrolls of teleportation {unknown}
 i - a scroll of remove curse {unknown}
 j - 2 scrolls of enchant weapon {unknown}
 l - a scroll of fear {unknown}
 B - a scroll of blinking
Books
 c - a book of Spatial Translocations

   Spells                             Type                      Level
   a - Apportation                    Translocation                1
   b - Blink                          Translocation                2
   c - Shroud of Golubria             Charms/Translocation         2
   d - Portal Projectile              Translocation                3
   e - Teleport Other                 Translocation                3
   f - Passage of Golubria            Translocation                4
Comestibles
 d - 2 fruits
 f - a bread ration {@e1}


   Skills:
 + Level 1.9 Fighting
 * Level 3.5 Short Blades
 - Level 1.1 Throwing
 - Level 0.6 Armour
 + Level 3.8 Dodging
 - Level 2.6 Spellcasting
 - Level 4.4 Translocations


You had 6 spell levels left.
You knew the following spells:

 Your Spells              Type           Power        Failure   Level  Hunger
o - Apportation           Tloc           ###.......   3%          1    #......


Dungeon Overview and Level Annotations

Branches:
Dungeon (2/15)

Altars:
The Shining One


Innate Abilities, Weirdness & Mutations

You are tiny and cannot use many weapons and most armour.
You have supernaturally acute eyesight.
You are a herbivore.
You cover ground extremely quickly.
You need consume almost no food.


Message History

You closely miss the adder.
The adder is severely wounded.
* * * LOW HITPOINT WARNING * * *
You feel sick. The adder barely misses you.
You take 1 damage, and have 3/18 hp.
You puncture the adder!
You kill the adder!
Unknown command.
You see here an adder corpse.
* * * LOW HITPOINT WARNING * * *
You feel sick.
You take 1 damage, and have 2/18 hp.
Unknown command.
* * * LOW HITPOINT WARNING * * *
You feel sick.
You take 1 damage, and have 2/18 hp.
* * * LOW HITPOINT WARNING * * *
You feel sick.
You take 1 damage, and have 1/18 hp.
You die... †.....██ █.......█ █.█ █████.█ █████████

█.█ ......████ █.█
██.......█ █.█ █.██.██.█
█.█ █.██.██.████ █.█
██.██.......██ █████.██
.....███.█...██████......██
.........█......@...████[.█
█........█...████████ ██.█
█.█..██.██████ █.██
█....██.█ █..█ █.█.███.█
██.█


█████ ███ █.█ █████ ███.█ █...█ █.█.█ █ █.⌂.█ ███...█ There were no monsters in
sight!

Vanquished Creatures
  An adder (D:2)
  4 giant cockroaches
  A goblin (D:1)
  5 hobgoblins
  4 jackals (D:1)
  2 ball pythons
  4 bats
  2 giant newts
  3 kobolds (D:1)
  4 rats (D:1)
30 creatures vanquished.

Notes
Turn   | Place    | Note
--------------------------------------------------------------
     0 | D:1      | Goblin1989, the Spriggan Warper, began the quest for the Orb.
     0 | D:1      | Reached XP level 1. HP: 10/10 MP: 4/4
   414 | D:1      | Reached XP level 2. HP: 15/15 MP: 7/7
  1197 | D:2      | Found a glowing golden altar of the Shining One.
  1218 | D:2      | Reached XP level 3. HP: 18/18 MP: 9/9
  1456 | D:2      | Succumbed to an adder's poison

Action                   || total
-------------------------++-------
Melee: Short sword       ||   135
  Use: Potion            ||     1

Vault maps used:
D:1:      dpeg_arrival_orchard
D:2:      nicolae_tso_carved_into_rock
